 Dungeon Crawl Stone Soup version 0.32-a0-540-g866d13106e (webtiles) character file.

Game seed: 3866762870636110127

102 HC7 the Grasshopper (level 4, 0/42 HPs)
             Began as a Troll Warper on Feb 28, 2024.
             Was a Believer of Sif Muna.
             Slain by an orc
             ... wielding a +0 mace
              (4 damage)
             ... on level 4 of the Dungeon.
             The game lasted 00:08:56 (2644 turns).

HC7 the Grasshopper (Troll Warper)                  Turns: 2644, Time: 00:08:56

Health: 0/42       AC:  5    Str: 19    XL:     4   Next: 50%
Magic:  5/5        EV: 10    Int:  9    God:    Sif Muna [**....]
Gold:   83         SH:  0    Dex: 11    Spells: 1/6 levels left

rFire   . .          .
                       - Unarmed
rCold   . . .        (no shield)
rNeg    . . .        b - +1 robe
rPois   .            (helmet restricted)
rElec   .            (no cloak)
rCorr   .            (gloves unavailable)
SInv    .            (boots unavailable)
Will    .....        (no amulet)
Stlth   +            (no ring)
HPRegen 1.07/turn    (no ring)
MPRegen 0.09/turn

%: no passive effects
@: confused
A: large, unfitting armour, claws 3, regeneration 1, shaggy fur 1, tough skin 1
a: Renounce Religion, Channel Magic


You were on level 4 of the Dungeon.
You worshipped Sif Muna.
Sif Muna was pleased with you.
You visited 1 branch of the dungeon, and saw 4 of its levels.

You collected 187 gold pieces.
You spent 104 gold pieces at shops.

Inventory:

Hand Weapons
 a - a +0 spear
 i - a +0 short sword of venom
 s - a +1 vampiric hand axe
Missiles
 d - 7 darts of dispersal (quivered)
 g - 3 poisoned darts
 n - 3 atropa-tipped darts
Armour
 b - a +1 robe (worn)
Talismans
 l - a beast talisman
Scrolls
 c - a scroll of blinking
 e - 2 scrolls of noise
 o - 2 scrolls of teleportation
 q - a scroll of immolation
Potions
 f - a potion of degeneration
 h - a potion of enlightenment {unknown}
 j - 2 potions of curing {unknown}
 k - 3 potions of brilliance {unknown}
 m - a potion of heal wounds {unknown}
 p - a potion of might {unknown}
 r - a potion of lignification {unknown}


   Skills:
 + Level 1.7 Fighting
 + Level 1.7 Polearms
 + Level 0.9 Throwing
 + Level 2.4 Dodging
 + Level 0.2 Stealth
 + Level 2.3 Unarmed Combat
 + Level 1.5 Spellcasting
 + Level 2.5 Translocations
 + Level 0.1 Earth Magic


You had one spell level left.
You knew the following spells:

 Your Spells              Type           Power      Damage    Failure   Level
a - Blink                 Tloc           10%        N/A       19%         2
b - Passwall              Erth           0%         N/A       69%         3

Your spell library contained the following spells:

 Spells                   Type           Power      Damage    Failure   Level
 Sandblast                Erth           0%         2d4       32%         1
 Magic Dart               Conj           0%         1d3       34%         1
 Lesser Beckoning         Tloc           10%        N/A       19%         2
 Gell's Gravitas          Tloc           5%         N/A       36%         3
 Teleport Other           Tloc           5%         N/A       36%         3
 Call Imp                 Summ           0%         N/A       47%         2
 Ensorcelled Hibernation  Hex/Ice        0%         N/A       47%         2
 Stone Arrow              Conj/Erth      0%         3d7       71%         3
 Swiftness                Air            0%         N/A       71%         3
 Manifold Assault         Tloc           5%         N/A       77%         4
 Vhi's Electric Charge    Tloc/Air       4%         N/A       91%         4
 Brom's Barrelling Bould  Conj/Erth      0%         2d3       98%         4


Dungeon Overview and Level Annotations

Branches:
Dungeon (4/15)
 Temple: D:4-7

Altars:
Sif Muna

Shops:
D:3 *

Annotations:
D:3 3 runed translucent doors, Azoth's ghost, amateur KoEn


Innate Abilities, Weirdness & Mutations

You are too large for most types of armour.
You have claws for hands.
Your natural rate of healing is unusually fast.
You are covered in fur. (AC +1)
You have tough skin. (AC +1)


Message History

The orc barely misses you.
You claw the orc priest!
You kill the orc priest!
Sif Muna accepts your kill. The orc hits you with a +0 mace.
The orc closely misses you.
You closely miss the orc.
The orc wizard gestures at you while chanting.
You are more confused.
The orc hits you with a +0 mace.
* * * LOW HITPOINT WARNING * * *
The orc closely misses you. The orc hits you with a +0 hand axe.
* * * LOW HITPOINT WARNING * * *
You are too confused!
The orc wizard barely misses you. The orc barely misses you.
You are too confused!
You barely miss the orc wizard.
The orc wizard is moderately wounded.
The orc closely misses you.
The orc wizard gestures at you while chanting.
You resist with some effort.
You are too confused!
The orc attacks as it pursues you! The orc hits you with a +0 mace.
* * * LOW HITPOINT WARNING * * *
The orc attacks as it pursues you! The orc hits you but does no damage.
You bump into the rock wall.
The orc hits you with a +0 mace.
* * * LOW HITPOINT WARNING * * *
The orc hits you but does no damage. The orc barely misses you.
You are too confused!
The orc attacks as it pursues you! The orc hits you with a +0 mace.
* * * LOW HITPOINT WARNING * * *
The orc hits you but does no damage.
The orc throws a boomerang.
The boomerang closely misses you.
You bump into the rock wall.
The orc barely misses you.
The orc wizard gestures at you while chanting.
The puff of flame hits you.
* * * LOW HITPOINT WARNING * * *
The orc attacks as it pursues you! The orc barely misses you.
The orc hits you with a +0 mace.
You die...

#..................##
#...................#
#...................#
######..#####.......#
###########....#....)...#
#...>..........#........#
#...............ooo###..#
#...............o...##...#
#...............@##..#...#
#...)............# #.#oo.#
.................# .....#
......#####......# #....#
......# #......# ....#
......# #......# ...
......# ###....# ......#
#....# ......#


You could see an orc wizard and 3 orcs.

Vanquished Creatures
  An orc priest (D:4)
  An adder (D:3)
  A ribbon worm (D:2)
  3 dart slugs
  6 orcs
  6 ball pythons
  An endoplasm (D:2)
  3 giant cockroaches
  5 goblins
  4 hobgoblins
  4 quokkas
  A bat (D:2)
  A frilled lizard (D:2)
  4 kobolds
  8 rats
49 creatures vanquished.

Notes
Turn   | Place    | Note
-------+----------+-------------------------------------------
     0 | D:1      | HC7 the Troll Warper began the quest for the Orb.
     0 | D:1      | Reached XP level 1. HP: 19/19 MP: 1/1
   231 | D:1      | Reached XP level 2. HP: 27/27 MP: 3/3
   607 | D:1      | Learned a level 2 spell: Blink
   822 | D:2      | Found a faded altar of an unknown god.
   851 | D:2      | Prayed at the altar of an unknown god.
   851 | D:2      | Became a worshipper of Sif Muna the Loreminder
   851 | D:2      | Reached * piety under Sif Muna
   858 | D:2      | You fall into a shaft and drop 1 floor!
   992 | D:2      | Reached XP level 3. HP: 33/33 MP: 4/4
  1106 | D:2      | Reached skill level 1 in Unarmed Combat
  1462 | D:3      | Found Obbong's General Store.
  1474 | D:3      | Bought 3 atropa-tipped darts for 32 gold pieces
  1474 | D:3      | Bought a scroll of teleportation for 36 gold pieces
  1474 | D:3      | Bought a scroll of teleportation for 36 gold pieces
  1477 | D:3      | Found a runed translucent gate.
  1477 | D:3      | Found a runed translucent gate.
  1478 | D:3      | Found a runed translucent gate.
  1481 | D:3      | Noticed Azoth's ghost (amateur KoEn)
  1493 | D:3      | Reached ** piety under Sif Muna
  1594 | D:3      | Found a shimmering blue altar of Sif Muna.
  1620 | D:3      | Learned a level 3 spell: Passwall
  2214 | D:3      | Reached XP level 4. HP: 41/41 MP: 5/5
  2644 | D:4      | Slain by an orc

Illustrated notes

Levels and vault maps discovered:
D:1:      erik_arrival_cave_to_civilisation [erik_arrival_cave_to_hall],
          layout_basic, patterned_corridor
D:2:      layout_rooms, dreamdust_ecumenical_altar_statues, minivault_27
D:3:      layout_loops_ring, nicolae_sif_muna_little_library,
          gammafunk_ghost_necromancy, serial_shops,
          nicolae_shop_tiny_statue_garden
D:4:      layout_basic, nicolae_overflow_hidden_temple, okawaru_trees_1,
          temple_fountains

Skill      XL: |  1  2  3  4 |
---------------+-------------+-----
Dodging        | 2 |  2.4
Unarmed Combat | 1 2 |  2.3
Fighting       | |  1.7
Polearms       | |  1.7
Throwing       | |  0.9
Stealth        | |  0.2
Spellcasting   | |  1.5
Translocations | |  2.5
Earth Magic    | |  0.1

Action                     |  1- 3 |  4- 6 || total
---------------------------+-------+-------++-------
  Melee: Unarmed           |   112 |    18 ||   130
    Use: Scroll            |     5 |     1 ||     6
   Stab: Sleeping          |     1 |       ||     1
 Armour: Robe              |    87 |    33 ||   120
  Dodge: Dodged            |    65 |    19 ||    84

Table legend: (Time is in decaauts)
 A = Elapsed time spent in this place.
 B = Non-inter-level travel time spent in this place.
 C = Inter-level travel time spent in this place.
 D = Time resting spent in this place.
 E = Time spent auto-exploring this place.
 F = Levels seen in this place.
 G = Mean time per level.
                   A        B        C        D        E       F      G
               +--------+--------+--------+--------+--------+-----+--------+
         Total |   2642 |   2470 |    172 |      0 |   1696 |   4 |  660.5 |
       Dungeon |   2642 |   2470 |    172 |      0 |   1696 |   4 |  660.5 |
               +--------+--------+--------+--------+--------+-----+--------+

Top non-repeatable levels by time:
     D:3: 1247 daAuts
     D:1: 801 daAuts
     D:2: 511 daAuts
     D:4: 82 daAuts
